 Dungeon Crawl Stone Soup version 0.29-a0-892-g2c4c91d9db (webtiles) character file.

Game seed: 2881284290579450880

36 mcwallace the Shooter (level 3, 0/31 HPs)
             Began as a Hill Orc Hunter on July 22, 2022.
             Slain by a goblin
             ... wielding a +0 club
             ... led by Robin
              (2 damage)
             ... on level 2 of the Dungeon.
             The game lasted 00:01:24 (726 turns).

mcwallace the Shooter (Hill Orc Hunter)              Turns: 726, Time: 00:01:24

Health: 0/31       AC:  4    Str: 13    XL:     3   Next: 37%
Magic:  3/3        EV: 12    Int:  9    God:
Gold:   85         SH:  0    Dex: 16    Spells: 2/2 levels left

rFire   . . .      SeeInvis .   a - +0 shortbow {bow}
rCold   . . .      Faith    .   (shield currently unavailable)
rNeg    . . .      Spirit   .   c - +0 leather armour
rPois   .          Reflect  .   (no helmet)
rElec   .          Harm     .   d - +0 cloak
rCorr   .          Rampage  .   (no gloves)
Will    .....                   (no boots)
Stlth   +.........              (no amulet)
HPRegen 0.10/turn               (no ring)
MPRegen 0.08/turn               (no ring)

@: no status effects
A: no striking features
a: no special abilities


You were on level 2 of the Dungeon.
You visited 1 branch of the dungeon, and saw 2 of its levels.

You collected 85 gold pieces.


   Skills:
 + Level 3.1 Fighting
 + Level 3.9 Ranged Weapons
 + Level 1.3 Armour
 + Level 2.0 Dodging
 - Level 0.7 Stealth


You had 2 spell levels left.
You didn't know any spells.
Your spell library was empty.

Inventory:

Hand Weapons
 a - a +0 shortbow (weapon) {bow}
Missiles
 h - 4 poisoned darts {throwing}
 j - 2 stones {throwing}
Armour
 c - a +0 leather armour (worn)
 d - a +0 cloak (worn)
   (You found it on level 1 of the Dungeon)
 i - a +0 ring mail
   (You found it on level 1 of the Dungeon)
Wands
 k - a wand of digging (5)
   (You found it on level 2 of the Dungeon)
Scrolls
 b - a scroll of immolation {!r!r}
 e - a scroll of noise {unknown}
 f - a scroll of enchant weapon {unknown}
 g - 2 scrolls of teleportation {unknown}

Dungeon Overview and Level Annotations

Branches:
Dungeon (2/15) Zot: 11250

Altars:

Annotations:
D:2 Robin

#########
#<......#
#######@#
#g# #.#
#g# #g#
#.# #g#
#g#
g.ggg)..#


You could see Robin, a hobgoblin (strong) and 3 goblins.


Message History

No target in view!
You see here a quokka corpse.
You now have 77 gold pieces (gained 5).
j - 2 stones {throwing} You see here a +0 dagger {short}.
You see here a ball python skeleton.
There is a stone staircase leading down here.
Done exploring.
Done exploring.
Done exploring.
There is a stone staircase leading down here.
You climb downwards.
There is a stone staircase leading up here.
k - a wand of digging (5)
You now have 85 gold pieces (gained 8).
Robin, a hobgoblin and 3 goblins come into view.
Robin shouts!
The goblin shouts!
The hobgoblin shouts!
You hear a shout!
The goblin shouts!
You shoot an arrow. The goblin shouts!
The arrow hits the goblin!
You kill the goblin!
Robin throws the goblin at you!
You shoot an arrow. The arrow closely misses the goblin.
The goblin hits you with a +0 club. 😕 HP[-2]
You take 2 damage, and now have 29/31 hp.
You shoot an arrow. The arrow hits the hobgoblin.
A goblin comes into view. It is wielding a +0 dagger.
The goblin hits you with a +0 club. The hobgoblin closely misses you.
Robin says, "We wiped out the hill dwarves - you're next!"
Robin roars a battlecry!
The goblins go into a battle-frenzy!
The goblin closely misses you. The hobgoblin barely misses you.
You hear a shout! 😕 HP[-1]
You take 1 damage, and now have 28/31 hp.
You shoot an arrow. The arrow hits the hobgoblin.
You kill the hobgoblin!
The goblin barely misses you.
You shoot an arrow. The arrow closely misses the goblin.
The goblin hits you with a +0 club. The goblin misses you.
Robin roars a battlecry!
You hear a shout! 😕 HP[-3]
You take 3 damage, and now have 25/31 hp.
You shoot an arrow. The arrow completely misses the goblin.
The goblin closely misses you.
A hobgoblin comes into view.
The goblin barely misses you. The goblin closely misses you.
The goblin hits you but does no damage.
You shoot an arrow. The arrow hits the goblin.
The goblin hits you but does no damage. The goblin hits you with a +0 dagger.
A goblin comes into view. It is wielding a +0 club. 😮 HP[-3]
You take 3 damage, and now have 22/31 hp.
You are too injured to fight recklessly!
The goblin attacks as you move away! The goblin hits you but does no damage.
The goblin attacks as you move away!
The goblin hits you with a +0 club. 😮 HP[-4]
You take 4 damage, and now have 18/31 hp.
The goblin attacks as you move away! The goblin barely misses you.
The goblin attacks as you move away! The goblin hits you with a +0 club.
* * * LOW HITPOINT WARNING * * *
😨 HP[-5]
You take 5 damage, and now have 13/31 hp.
The goblin attacks as you move away! The goblin completely misses you.
Fire: a) +0 shortbow {bow}
Press: ? - help, Q - select action, (/) - cycle Shift-Dir - straight line, f/p - goblin
Aim: a goblin, wielding a +0 dagger (severely wounded, strong, 55% to hit)
You shoot an arrow. The arrow hits the goblin.
The goblin hits you with a +0 club.
* * * LOW HITPOINT WARNING * * *
😨 HP[-3]
You take 3 damage, and now have 10/31 hp.
Fire: a) +0 shortbow {bow}
Press: ? - help, Q - select action, (/) - cycle Shift-Dir - straight line, f/p - goblin
Aim: a goblin, wielding a +0 dagger (severely wounded, strong, 55% to hit)
You shoot an arrow. The arrow barely misses the goblin.
The arrow closely misses the goblin.
The arrow closely misses Robin.
The arrow hits the goblin.
The goblin no longer looks unusually strong.
The goblin hits you with a +0 club.
* * * LOW HITPOINT WARNING * * *
The goblin misses you.
Robin roars a battlecry!
The goblin goes into a battle-frenzy!
You hear a shout! 😱 HP[-5]
You take 5 damage, and now have 5/31 hp.
The goblin no longer looks unusually strong.
Robin roars a battlecry!
The goblin goes into a battle-frenzy!
You hear a shout!
The goblin attacks as you move away! The goblin hits you with a +0 club.
* * * LOW HITPOINT WARNING * * *
😱 HP[-3]
You take 3 damage, and now have 2/31 hp.
The goblin attacks as you move away! The goblin hits you with a +0 club.
You die...

Skill      XL: |  1  2  3 |
---------------+----------+-----
Armour         | 1 |  1.3
Fighting       | 3 |  3.1
Dodging        | 2 |  2.0
Ranged Weapons | |  3.9
Stealth        | |  0.7

Action                   || total
-------------------------++-------
 Fire: Shortbow          ||    68
Armor: Leather armour    ||    10
Dodge: Dodged            ||    19

Levels and vault maps discovered:
D:1:      dpeg_chamrin_arrival_tetris, layout_rooms,
          ebering_ecumenical_altar_sacrificial
D:2:      layout_basic, uniq_robin, uniq_natasha, uniq_terence

Notes
Turn   | Place    | Note
-------+----------+-------------------------------------------
     0 | D:1      | mcwallace the Hill Orc Hunter began the quest for the Orb.
     0 | D:1      | Reached XP level 1. HP: 18/18 MP: 1/1
     0 | D:1      | magus.rc [v1.9.6]
    57 | D:1      | Reached XP level 2. HP: 25/25 MP: 2/2
   109 | D:1      | Found a faded altar of an unknown god.
   170 | D:1      | Reached skill level 1 in Armour
   446 | D:1      | Reached skill level 3 in Fighting
   446 | D:1      | Reached XP level 3. HP: 31/31 MP: 3/3
   468 | D:1      | Reached skill level 2 in Dodging
   709 | D:2      | Noticed Robin
   722 | D:2      | HP: 5/31 [goblin/+0 club[Robin] (5)]
   725 | D:2      | HP: 2/31 [goblin/+0 club[Robin] (3)]
   726 | D:2      | Slain by a goblin

Vanquished Creatures
  A dart slug (D:1)
  A ball python (D:1)
  4 endoplasms (D:1)
  4 giant cockroaches (D:1)
  6 hobgoblins
  2 quokkas (D:1)
  3 bats (D:1)
  6 goblins
27 creatures vanquished.

Table legend:
 A = Non-vault XP
 B = Vault XP
 C = Vault XP percentage of total XP
 D = Non-vault monster count
 E = Vault monster count
 F = Vault count percentage of total count
                 A         B        C        D         E       F
            +---------+---------+-------+---------+---------+-------
      Total |      49 |       3 |   5.8 |      25 |       2 |   7.4
            +---------+---------+-------+---------+---------+-------
        D:1 |      49 |       0 |   0.0 |      25 |       0 |   0.0
        D:2 |       0 |       3 | 100.0 |       0 |       2 | 100.0
            +---------+---------+-------+---------+---------+-------

Illustrated notes

Table legend:
 A = Kills in this place as a percentage of kills in entire the game.
 B = Kills by you in this place as a percentage of kills by you in the entire game.
 C = Kills by friends in this place as a percentage of kills by friends in the entire game.
 D = Other kills in this place as a percentage of other kills in the entire game.
 E = Experience gained in this place as a percentage of experience gained in the entire game.
 F = Experience gained in this place divided by the number of levels of this place that you have seen.
                   A       B       C       D       E      F
               +-------+-------+-------+-------+-------+----------------------
         Total | 100.0 | 100.0 |   N/A |   N/A | 100.0 |  26.0
       Dungeon | 100.0 | 100.0 |   N/A |   N/A | 100.0 |  26.0
               +-------+-------+-------+-------+-------+----------------------

Table legend: (Time is in decaauts)
 A = Elapsed time spent in this place.
 B = Non-inter-level travel time spent in this place.
 C = Inter-level travel time spent in this place.
 D = Time resting spent in this place.
 E = Time spent auto-exploring this place.
 F = Levels seen in this place.
 G = Mean time per level.
                   A        B        C        D        E       F      G
               +--------+--------+--------+--------+--------+-----+--------+
         Total |    749 |    746 |      3 |      0 |    613 |   2 |  374.5 |
       Dungeon |    749 |    746 |      3 |      0 |    613 |   2 |  374.5 |
               +--------+--------+--------+--------+--------+-----+--------+

Top non-repeatable levels by time:
     D:1: 713 daAuts
     D:2: 36 daAuts
